 Dungeon Crawl Stone Soup version 0.24.0-37-gcf1ca852f1 (webtiles) character file.

Game seed: 15697416024188265137, levelgen mode: deterministic

65 lepoulpe303 the Sneak (level 3, -4/14 HPs)
             Began as a Felid Air Elementalist on Dec 4, 2019.
             Killed from afar by Sigmund (5 damage)
             ... with a magic dart
             ... on level 2 of the Dungeon.
             The game lasted 00:19:07 (2298 turns).

lepoulpe303 the Sneak (Felid Air Elementalist)      Turns: 2298, Time: 00:19:08

Health: -4/14      AC:  1    Str:  4    XL:     3   Next: 94%
Magic:  0/7        EV: 18    Int: 17    God:
Gold:   137        SH:  0    Dex: 16    Spells: 1/7 levels left
                                        Lives:  0   Deaths: 0

rFire    . . .     SeeInvis +     - Unarmed
rCold    . . .     Gourm    .   (shield unavailable)
rNeg     . . .     Faith    .   (armour unavailable)
rPois    .         Spirit   .   (helmet unavailable)
rElec    .         Reflect  .   (cloak unavailable)
rCorr    .         Harm     .   (gloves unavailable)
MR       .....                  (boots unavailable)
Stlth    +++.......             (no amulet)
HPRegen  0.04/turn              (no ring)
MPRegen  0.10/turn              (no ring)

@: quick
A: very small, no armour, no weapons or thrown items, stealth, claws 1, fangs 3,
see invisible, carnivore, speed 1, shaggy fur 1, slow metabolism 1, sharp paws
a: no special abilities


You were on level 2 of the Dungeon.
You were completely stuffed.

You visited 1 branch of the dungeon, and saw 2 of its levels.

You collected 137 gold pieces.

Inventory:

Scrolls
 b - a scroll of remove curse {unknown}
 f - a scroll of teleportation {unknown}
 i - a scroll of random uselessness {unknown}
 k - a scroll of identify {unknown}
Potions
 a - a potion of invisibility {unknown}
 c - a potion of curing {unknown}
 d - 2 potions of degeneration {unknown}
 g - a potion of might {unknown}
 h - 2 potions of mutation {unknown}
Comestibles
 e - 4 rations


   Skills:
 + Level 3.1 Dodging
 + Level 3.2 Stealth
 + Level 1.0 Unarmed Combat
 * Level 2.5 Spellcasting
 * Level 1.7 Conjurations
 * Level 3.1 Air Magic


You had one spell level left.
You knew the following spells:

 Your Spells              Type           Power        Failure   Level  Hunger
a - Shock                 Conj/Air       ##..         7%          1    #......
b - Static Discharge      Conj/Air       ##......     21%         3    ###....
s - Swiftness             Chrm/Air       #.......     14%         2    ##.....

Your spell library contained the following spells:

 Spells                   Type           Power        Failure   Level  Hunger
 Airstrike                Air            ##........   45%         4    #####..
 Lightning Bolt           Conj/Air       ##........   88%         5    ######.


Dungeon Overview and Level Annotations

Branches:
Dungeon (2/15)

Altars:

Annotations:
D:2 Natasha, Sigmund


Innate Abilities, Weirdness & Mutations

You cannot wear armour.
You are incapable of wielding weapons or throwing items.
Your paws allow you to move quietly. (Stealth)
You have sharp claws.
You have razor-sharp teeth.
You have supernaturally acute eyesight. (SInv)
You are carnivorous and can eat meat at any time.
You cover ground quickly.
You are covered in fur. (AC +1)
You have a slow metabolism.
Your sharp claws are effective at attacking unaware monsters.


Message History

You aren't carrying any items that you can evoke.
Sigmund points at you and mumbles some strange words.
The puff of flame hits you!
Ouch! That really hurt!
* * * LOW HITPOINT WARNING * * *
You take 8 damage, and have 6/14 hp.
MASSIVE DAMAGE!!
Sigmund screams, "Die, monster!"
Sigmund whispers, "You'll know eternity soon."
Sigmund casts a spell at you. The magic dart hits you.
* * * LOW HITPOINT WARNING * * *
You take 5 damage, and have 1/14 hp.
MASSIVE DAMAGE!!
Aim: Sigmund, wielding a +0 scythe and wearing a +0 robe (severely wounded)
The zap hits Sigmund.
* * * LOW MAGIC WARNING * * *
Sigmund gestures at you while chanting. The magic dart hits you.
You die...

.#.###........)....#####..#.....#
.#.# #.......#..#.....##..#.###..
.#.###..........#####..#.........
.#.##..................##...####.
........(....###..##....#.#.## ..
.............# #....#........##.#
####.........####.#.............#
###............#....#(.....#..###
#...#.###.......@...@<.......##
#.......#...##..............##
..##....#.#.#####...#.......####
..##....#.#># #...##..[......#
..##........# #...#..#.......#
..........### #..............#
####.......#####....#.##.......#
....^<............#.#.###.######
.......(........ #...# #.#


You could see Sigmund.

Levels and vault maps discovered:
D:1:      scummos_arrival_forest, layout_loops_corners, serial_glass,
          glass_columns_a, glass_columns_a, chequers_serial_rivers_micro_b,
          columned_hall_lemuel, chequers_serial_rivers_room_a
D:2:      layout_rooms, minmay_tromino_mix6, uniq_natasha, uniq_sigmund

Notes
Turn   | Place    | Note
-------+----------+-------------------------------------------
     0 | D:1      | lepoulpe303 the Felid Air Elementalist began the quest for
                  | the Orb.
     0 | D:1      | Reached XP level 1. HP: 7/7 MP: 4/4
   153 | D:1      | Identified a +0 short sword
   224 | D:1      | Reached skill level 1 in Conjurations
   312 | D:1      | Identified a +0 club
   580 | D:1      | Identified a +0 dagger
   758 | D:1      | Identified a +0 club
   773 | D:1      | Reached XP level 2. HP: 11/11 MP: 0/6
   835 | D:1      | Learned a level 2 spell: Swiftness
  1064 | D:2      | Identified a +0 club
  1199 | D:2      | Reached skill level 3 in Stealth
  1357 | D:2      | Identified a +0 club
  1387 | D:2      | HP: 1/11 [adder (5)]
  1389 | D:2      | Reached skill level 3 in Air Magic
  1389 | D:2      | Reached XP level 3. HP: 2/14 MP: 0/7
  1686 | D:2      | Reached skill level 3 in Dodging
  1970 | D:2      | Identified a +0 club
  1972 | D:2      | Noticed Natasha
  1984 | D:2      | Learned a level 3 spell: Static Discharge
  2152 | D:2      | Identified a +0 scythe
  2152 | D:2      | Identified a +0 robe
  2152 | D:2      | Noticed Sigmund
  2175 | D:2      | Reached skill level 1 in Unarmed Combat
  2294 | D:2      | HP: 1/14 [Sigmund/magic dart (5)]
  2298 | D:2      | Killed from afar by Sigmund

Table legend:
 A = Turns spent in this place as a percentage of turns spent in the entire game.
 B = Non-inter-level travel turns spent in this place as a percentage of non-inter-level travel turns spent in the entire game.
 C = Inter-level travel turns spent in this place as a percentage of turns spent in this place.
 D = Turns resting spent in this place as a percentage of non-inter-level travel turns spent in this place.
 E = Turns spent auto-exploring this place as a percentage of non-inter-level travel turns spent in this place.
 F = Non-inter-level travel turns spent in this place divided by the number of levels of this place that you've seen.
                   A       B       C       D       E      F
               +-------+-------+-------+-------+-------+----------------------
         Total | 100.0 | 100.0 |   0.3 |  41.1 |  44.9 | 1145.0
       Dungeon | 100.0 | 100.0 |   0.3 |  41.1 |  44.9 | 1145.0
               +-------+-------+-------+-------+-------+----------------------

Table legend:
 A = Kills in this place as a percentage of kills in entire the game.
 B = Kills by you in this place as a percentage of kills by you in the entire game.
 C = Kills by friends in this place as a percentage of kills by friends in the entire game.
 D = Other kills in this place as a percentage of other kills in the entire game.
 E = Experience gained in this place as a percentage of experience gained in the entire game.
 F = Experience gained in this place divided by the number of levels of this place that you have seen.
                   A       B       C       D       E      F
               +-------+-------+-------+-------+-------+----------------------
         Total | 100.0 | 100.0 |   N/A |   N/A | 100.0 |  47.0
       Dungeon | 100.0 | 100.0 |   N/A |   N/A | 100.0 |  47.0
               +-------+-------+-------+-------+-------+----------------------

Skill      XL: |  1  2  3 |
---------------+----------+-----
Conjurations   | 1 |  1.7
Stealth        | 3 |  3.2
Air Magic      | 3 |  3.1
Dodging        | 3 |  3.1
Unarmed Combat | 1 |  1.0
Spellcasting   | |  2.5

Action                   || total
-------------------------++-------
Melee: Unarmed           ||    19
 Cast: Shock             ||    94
       Swiftness         ||     1
  Eat: Chunk             ||    11
Armor: Skin              ||     3
Dodge: Dodged            ||    39

Vanquished Creatures
  3 adders (D:2)
  An adder skeleton (D:2)
  A worm (D:2)
  A dart slug (D:2)
  A leopard gecko (D:2)
  A giant cockroach (D:2)
  3 hobgoblins
  A quokka (D:2)
  4 bats
  5 frilled lizards
  4 goblins
  4 kobolds
  4 rats
33 creatures vanquished.
